 Dungeon Crawl Stone Soup version 0.31-a0-848-gaac375c287 (webtiles) character file.

Game seed: 17057066240546371968

68 IdlyInterested the Destabilizer (level 4, -1/35 HPs)
             Began as a Demonspawn Wanderer on Oct 4, 2023.
             Slain by an orc
             ... wielding a +0 flail
              (8 damage)
             ... on level 3 of the Dungeon.
             The game lasted 00:04:25 (2571 turns).

IdlyInterested the Destabilizer (DsWn)              Turns: 2571, Time: 00:04:26

Health: -1/35      AC:  5    Str: 10    XL:     4   Next: 1%
Magic:  2/5        EV: 10    Int: 17    God:
Gold:   90         SH:  0    Dex: 13    Spells: 5/5 levels left

rFire   . . .        k - +0 short sword
rCold   . . .        (no shield)
rNeg    . . .        q - +0 ring mail
rPois   .            (helmet restricted)
rElec   .            (no cloak)
rCorr   .            (no gloves)
SInv    .            (no boots)
Will    .....        (no amulet)
Stlth   +            (no ring)
HPRegen 0.25/turn    (no ring)
MPRegen 0.18/turn

%: no passive effects
@: no status effects
A: horns 1, magic regeneration
a: no special abilities


You were on level 3 of the Dungeon.
You visited 1 branch of the dungeon, and saw 3 of its levels.

You collected 90 gold pieces.

Inventory:

Hand Weapons
 a - a +0 dagger
 k - a +0 short sword (weapon)
 p - a +0 spear
Missiles
 g - 48 stones
 t - 8 poisoned darts (quivered)
Armour
 c - a +0 robe
 q - a +0 ring mail (worn)
Wands
 d - a wand of polymorph (3)
Scrolls
 h - a scroll of teleportation {unknown}
 i - a scroll of fear {unknown}
 j - a scroll of poison {unknown}
 n - a scroll of blinking {unknown}
 o - a scroll of identify {unknown}
 r - a scroll of amnesia {unknown}
 s - a scroll of torment {unknown}
Potions
 b - 2 potions of haste
 e - a potion of lignification {unknown}
 f - a potion of brilliance {unknown}
 l - 2 potions of might {unknown}
 m - a potion of resistance {unknown}
 u - 2 potions of attraction {unknown}


   Skills:
 * Level 3.0 Fighting
 - Level 1.0 Throwing
 - Level 1.0 Armour
 - Level 1.0 Dodging
 + Level 0.4 Stealth
 - Level 1.0 Spellcasting
 - Level 4.5 Transmutations
 - Level 1.7 Fire Magic
 - Level 1.0 Evocations


You had 5 spell levels left.
You didn't know any spells.
Your spell library contained the following spells:

 Spells                   Type           Power      Damage    Failure   Level
 Wereblood                Tmut           16%        N/A       13%         2
 Sting                    Tmut/Pois      32%        1d4       22%         1
 Foxfire                  Conj/Fire      12%        2x1d4     36%         1
 Slow                     Hex            0%         N/A       47%         1
 Ignite Poison            Fire/Tmut/Pois 7%         N/A       56%         3
 Sublimation of Blood     Necr           0%         N/A       63%         2
 Confusing Touch          Hex            0%         N/A       85%         3
 Sigil of Binding         Hex            0%         N/A       85%         3
 Vampiric Draining        Necr           0%         2d6       85%         3
 Summon Hydra             Summ           0%         N/A       100%        7


Dungeon Overview and Level Annotations

Branches:
Dungeon (3/15)

Altars:
Ashenzari
Dithmenos
Gozag
Makhleb
Yredelemnul


Innate Abilities, Weirdness & Mutations

You have a pair of small horns on your head.
You regenerate magic rapidly.


Message History

You closely miss the orc. You headbutt the orc.
The orc is heavily wounded.
The orc closely misses you.
You hit the orc. Your headbutt misses the orc.
The orc is almost dead.
The orc hits you with a +0 hand axe.
You hit the orc.
You kill the orc!
You closely miss the orc. The orc barely misses you.
You barely miss the orc. The orc hits you with a +0 club.
You barely miss the orc. The orc barely misses you.
You hit the orc.
The orc is lightly wounded.
The orc barely misses you.
You hit the orc but do no damage.
The orc is lightly wounded.
The orc hits you with a +0 club.
* * * LOW HITPOINT WARNING * * *
You hit the orc but do no damage.
The orc is lightly wounded.
The orc hits you with a +0 club.
* * * LOW HITPOINT WARNING * * *
You hit the orc. You headbutt the orc.
You kill the orc!
You hit the orc. You headbutt the orc.
You kill the orc!
You barely miss the quokka. The quokka misses you.
You hit the quokka.
The quokka is almost dead.
The quokka barely misses you. The quokka closely misses you.
You hit the quokka.
You kill the quokka!
Your Fighting skill increases to level 3!
You have reached level 4!
You feel clever.
Your demonic ancestry asserts itself...
Your magic begins to regenerate rapidly.
You hit the orc.
The orc is moderately wounded.
The orc hits you with a +0 flail!
You die...

#.........######## ##########
#.#######.....)..# #........###
#.##...##..#####.## #.#.........
#.#.###.#..# #..## #.#....##...
#.#.# #....# #...###.#.._.##_..
#.#.###.#..# #.........#####...
#.##...##..#####.#######.#######.
#................# #...#####.
#####.##########@# #.._##._.. #.#
#o# #...##.... #.# .w. #.........
#.## ..(.. #.#.....## #..##
....... #.#.###...
#####...####.........###....##.##
........)..+.........+.......#.#
#####...####....)....# #.......#
#......# #####.###.#


You could see a dart slug and an orc.

Vanquished Creatures
  An adder (D:3)
  4 orcs (D:3)
  5 ball pythons
  7 bats
  5 endoplasms
  3 giant cockroaches
  3 goblins
  2 hobgoblins
  2 jackals (D:2)
  7 kobolds
  4 quokkas
  2 frilled lizards (D:1)
  3 rats (D:2)
48 creatures vanquished.

Notes
Turn   | Place    | Note
-------+----------+-------------------------------------------
     0 | D:1      | IdlyInterested the Demonspawn Wanderer began the quest for
                  | the Orb.
     0 | D:1      | IdlyInterested set off with the following items: a +0
                  | dagger, a potion of haste, a +0 robe, a wand of polymorph
                  | (3); and the following spells available to memorise:
                  | Wereblood, Sting, Foxfire, Ignite Poison.
     0 | D:1      | Reached XP level 1. HP: 13/13 MP: 2/2
    58 | D:1      | Reached skill level 1 in Fighting
   218 | D:1      | Gained mutation: You have a pair of small horns on your
                  | head. [demonic ancestry]
   218 | D:1      | Reached XP level 2. HP: 21/21 MP: 3/3
   541 | D:1      | Found a faded altar of an unknown god.
   590 | D:1      | Reached skill level 1 in Armour
  1124 | D:2      | Reached XP level 3. HP: 27/27 MP: 4/4
  2199 | D:3      | Reached skill level 1 in Dodging
  2255 | D:3      | Found a broken altar of Ashenzari.
  2469 | D:3      | Found a basalt altar of Yredelemnul.
  2471 | D:3      | Found a shadowy altar of Dithmenos.
  2477 | D:3      | Found a burning altar of Makhleb.
  2480 | D:3      | Found an opulent altar of Gozag.
  2571 | D:3      | Gained mutation: You regenerate magic rapidly. [demonic
                  | ancestry]
  2571 | D:3      | Reached XP level 4. HP: 7/35 MP: 2/5
  2571 | D:3      | Slain by an orc

Illustrated notes

Levels and vault maps discovered:
D:1:      wander_arrival_desolate, layout_basic,
          shapermc_ecumenical_altar_starsandcircs, serial_park_tiny_pond
D:2:      layout_rooms, serial_rivers, chequers_serial_rivers_large_b,
          chequers_serial_rivers_marsh, chequers_serial_rivers_small_b,
          chequers_serial_rivers_room_a, wad_floor_pattern_1
D:3:      layout_loops_corners, nicolae_overflow_macrodata_refinement,
          nicolae_ashenzari_skybound, pdpol_wu_jian_five_deadly_venoms

Skill      XL: |  1  2  3 |
---------------+----------+-----
Fighting       | 1 2 3 |  3.0
Armour         | 1 |  1.0
Dodging        | 1 |  1.0
Throwing       | |  1.0
Stealth        | |  0.4
Spellcasting   | |  1.0
Transmutations | |  4.5
Fire Magic     | |  1.7
Evocations     | |  1.0

Action                     |  1- 3 |  4- 6 || total
---------------------------+-------+-------++-------
  Melee: Dagger            |    73 |       ||    73
         Short sword       |    96 |     1 ||    97
         Headbutt          |    25 |       ||    25
         Punch             |     2 |       ||     2
   Stab: Sleeping          |     3 |       ||     3
 Armour: Robe              |    74 |       ||    74
         Ring mail         |    27 |     1 ||    28
  Dodge: Dodged            |   128 |       ||   128

Table legend: (Time is in decaauts)
 A = Elapsed time spent in this place.
 B = Non-inter-level travel time spent in this place.
 C = Inter-level travel time spent in this place.
 D = Time resting spent in this place.
 E = Time spent auto-exploring this place.
 F = Levels seen in this place.
 G = Mean time per level.
                   A        B        C        D        E       F      G
               +--------+--------+--------+--------+--------+-----+--------+
         Total |   2611 |   2314 |    297 |    325 |   1510 |   3 |  870.3 |
       Dungeon |   2611 |   2314 |    297 |    325 |   1510 |   3 |  870.3 |
               +--------+--------+--------+--------+--------+-----+--------+

Top non-repeatable levels by time:
     D:1: 1225 daAuts
     D:2: 1001 daAuts
     D:3: 385 daAuts
